 Dungeon Crawl Stone Soup version 0.31-a0-1603-gbec6b6ccbf (webtiles) character file.

Game seed: 4316861974854565746

129910 grandjackal the Eclecticist (level 16, -6/99 HPs)
             Began as a Deep Elf Earth Elementalist on Jan 8, 2024.
             Was a High Priest of Vehumet.
             Shot with an arrow by Vashnia (28 damage)
             ... on level 3 of the Snake Pit.
             The game lasted 01:07:04 (35156 turns).

grandjackal the Eclecticist (DEEE)                 Turns: 35156, Time: 01:07:04

Health: -6/99      AC: 10    Str:  5    XL:     16   Next: 51%
Magic:  7/41       EV: 18    Int: 32    God:    Vehumet [*****.]
Gold:   3165       SH:  7    Dex: 16    Spells: 11/54 levels left

rFire   + + .        V - staff of cold
rCold   + . .        l - +2 buckler
rNeg    . . .        p - +0 robe {rC+}
rPois   +            (no helmet)
rElec   +            x - +0 cloak of Losiah {rElec rF++ rC- Int+3 Dex-2}
rCorr   .            j - +1 pair of gloves
SInv    .            X - +0 pair of boots
Will    +....        (no amulet)
Stlth   ++           y - +4 ring of protection
HPRegen 0.36/turn    H - ring "Egorom" {+Blink rPois EV+5 Dex+3}
MPRegen 0.27/turn

%: no passive effects
@: studying Long Blades
A: no striking features
a: Renounce Religion, Evoke Blink


You were on level 3 of the Snake Pit.
You worshipped Vehumet.
Vehumet was extremely pleased with you.
You visited 5 branches of the dungeon, and saw 26 of its levels.
You also visited: Gauntlet.

You collected 4571 gold pieces.
You spent 1406 gold pieces at shops.

Inventory:

Missiles
 A - a throwing net (quivered)
Armour
 j - a +1 pair of gloves (worn)
 l - a +2 buckler (worn)
 n - a scarf of resistance
 p - a +0 robe of cold resistance (worn)
 x - the +0 cloak of Losiah (worn) {rElec rF++ rC- Int+3 Dex-2}
   (You found it on level 2 of the Snake Pit)

   Int+3:     It affects your intelligence (+3).
   Dex-2:     It affects your dexterity (-2).
   rF++:      It greatly protects you from fire.
   rC-:       It makes you vulnerable to cold.
   rElec:     It insulates you from electricity.
 L - the +2 pair of boots "Damnable Contraption" {^Drain rF+++ rC- Dex+2}
   (You found it on level 12 of the Dungeon)

   Dex+2:     It affects your dexterity (+2).
   rF+++:     It renders you almost immune to fire.
   rC-:       It makes you vulnerable to cold.
   ^Drain:    It drains your maximum health when unequipped.
 X - a +0 pair of boots (worn)
Magical Staves
 s - the staff of the Extremes {rElec Stlth+ Air}
   (You took it off a minotaur in a Gauntlet)

   [staff of air]

   Base accuracy: +5 Base damage: 5 Base attack delay: 1.2 This weapon's minimum
   attack delay (0.6) is reached at skill level 12.
   rElec:     It insulates you from electricity.
   Stlth+:    It makes you more stealthy.
   Air:       It increases the power of your Air spells.
   It falls into the 'Staves' category.
   It is a one-handed weapon.
 B - a staff of earth
 G - a staff of death
 V - a staff of cold (weapon)
Jewellery
 a - a ring of see invisible
 b - a +6 ring of intelligence
 o - a +5 ring of evasion
 y - a +4 ring of protection (left hand)
 H - the ring "Egorom" (right hand) {+Blink rPois EV+5 Dex+3}
   (You found it in a Gauntlet)

   [ring of evasion]

   EV+5:      It affects your evasion (+5).
   Dex+3:     It affects your dexterity (+3).
   rPois:     It protects you from poison +Blink: It lets you blink.
 I - a ring of positive energy
 T - a ring of positive energy
Wands
 t - a wand of polymorph (23)
 C - a wand of mindburst (15)
 D - a wand of paralysis (23)
 E - a wand of flame (33)
 F - a wand of quicksilver (4)
 U - a wand of iceblast (5)
 Y - a wand of digging (4)
Scrolls
 d - 5 scrolls of fear
 g - a scroll of silence
 k - 7 scrolls of poison
 m - a scroll of torment
 q - 3 scrolls of immolation
 r - 6 scrolls of enchant armour
 u - 6 scrolls of teleportation
 v - 2 scrolls of revelation
 z - 2 scrolls of amnesia
 J - a scroll of enchant weapon
 M - 3 scrolls of vulnerability
 P - 8 scrolls of fog
 W - 2 scrolls of blinking
 Z - 2 scrolls of identify
Potions
 c - 5 potions of resistance
 e - 2 potions of mutation
 f - 2 potions of berserk rage
 h - 7 potions of curing
 i - 2 potions of lignification
 w - a potion of might
 N - 2 potions of enlightenment
 O - a potion of ambrosia
 Q - a potion of cancellation
 R - 3 potions of haste
 S - 3 potions of brilliance
Miscellaneous
 K - a tin of tremorstones (2/2)


   Skills:
 - Level 10.7 Fighting
 + Level 5.1 Dodging
 - Level 2.4 Stealth
 - Level 4.0 Shields
 + Level 19.9 Spellcasting
 - Level 10.0 Conjurations
 - Level 10.0 Necromancy
 + Level 14.0 Ice Magic
 - Level 10.1 Earth Magic
 - Level 12.0 Alchemy


You had 11 spell levels left.
You knew the following spells:

 Your Spells              Type           Power      Damage    Failure   Level
a - Irradiate             Conj/Alch      40%        3d25      1%          5
b - Passwall              Erth           77%        N/A       1%          3
c - Stone Arrow           Conj/Erth      100%       3d13      1%          3
d - Brom's Barrelling Bo  Conj/Erth      77%        2d9       1%          4
e - Petrify               Alch/Erth      80%        N/A       1%          4
f - Sculpt Simulacrum     Ice/Alch       53%        N/A       1%          6
g - Eringya's Noxious Bo  Alch           41%        4d6       1%          6
h - Borgnjor's Vile Clut  Necr/Erth      38%        N/A       1%          5
i - Ozocubu's Refrigerat  Ice            55%        4d19      1%          7

Your spell library contained the following spells:

 Spells                   Type           Power      Damage    Failure   Level
 Arcjolt                  Conj/Air       29%        1d39      1%          5
 Sandblast                Erth           100%       2d20      1%          1
 Slow                     Hex            100%       N/A       1%          1
 Cigotuvi's Dreadful Rot  Necr/Alch/Air  100%       N/A       1%          2
 Dazzling Flash           Conj/Hex       100%       N/A       1%          3
 Hailstorm                Conj/Ice       100%       3d16      1%          3
 Inner Flame              Hex/Fire       31%        N/A       1%          3
 Summon Ice Beast         Ice/Summ       86%        N/A       1%          3
 Vampiric Draining        Necr           77%        2d11      1%          3
 Volatile Blastmotes      Fire/Tloc      62%        2d15      1%          3
 Ignite Poison            Fire/Alch      63%        N/A       1%          4
 Alistair's Intoxication  Alch           55%        N/A       1%          5
 Freezing Cloud           Conj/Ice/Air   45%        6-21      1%          5
 Yara's Violent Unravell  Hex/Alch       31%        3d13      1%          5
 Jinxbite                 Hex            62%        N/A       3%          2
 Confusing Touch          Hex            31%        N/A       6%          3
 Sigil of Binding         Hex            31%        N/A       6%          3
 Starburst                Conj/Fire      29%        6d9       11%         6
 Polar Vortex             Ice            55%        12d7*     80%         9
 Enfeeble                 Hex            15%        N/A       100%        7
 Ignition                 Fire           15%        3d6       100%        8
 Maxwell's Capacitive Co  Air            15%        ∞         100%        8


Dungeon Overview and Level Annotations

Branches:
Dungeon (15/15)            Temple (1/1) D:6            Lair (5/5) D:9
 Shoals (0/4) Lair:3        Snake (3/4) Lair:3        Slime (0/5) Lair:4
    Orc (2/2) D:12            Elf (0/3) Orc:2        Vaults (0/5) D:14
 Depths (0/4) D:15        Gauntlet (visited)

Altars:
Ashenzari
Cheibriados
Dithmenos
Elyvilon
Fedhas
Gozag
Hepliaklqana
Kikubaaqudgha
Makhleb
Nemelex Xobeh
Okawaru
Qazlal
Ru
Sif Muna
Trog
Uskayaw
Vehumet
Wu Jian
Xom
Yredelemnul
Zin
The Shining One
Jiyva

Shops:
D:3 *   D:5 *   D:9 (   D:15 ?   Orc:2 !:*?

Annotations:
D:7 2 transporters, croobank's ghost, novice FeDe
D:11 1 runed translucent door, Dazliare's ghost, journeyman NaCK
D:14 3 runed translucent doors
D:15 3 runed translucent doors, Hehag's ghost, journeyman MiBe
Lair:4 exclusion: 4 oklob plants
Snake:3 Mlioglotl; Vashnia


Message History

The naga is almost dead.
You kill the naga!
Vehumet accepts your kill.
You feel your power returning.
You hear a shout!
Vashnia shoots an arrow.
You block the arrow.
The naga sharpshooter unwields a +0 glaive.
The naga sharpshooter wields a +0 shortbow.
The naga sharpshooter casts a spell.
The naga sharpshooter magically shoots an arrow.
The arrow hits you!
* * * LOW HITPOINT WARNING * * *
Mlioglotl, the Unformed Horror comes into view.
Casting: Ozocubu's Refrigeration (dangerous; 1% risk of failure)
Confirm with . or Enter, or press ? or * to list all spells.
You feel a surge of power!
The heat is drained from your surroundings.
Vashnia is almost dead.
The naga sharpshooter is severely wounded.
Mlioglotl resists.
Mlioglotl is lightly wounded.
You kill the naga!
Vehumet accepts your kill.
You feel your power returning.
Vashnia shoots an arrow.
You block the arrow.
Mlioglotl churns violently!
Mlioglotl seems to grow stronger.
Unknown command.
Unknown command.
Casting: Ozocubu's Refrigeration (dangerous; 1% risk of failure)
Confirm with . or Enter, or press ? or * to list all spells.
You feel a surge of power!
The heat is drained from your surroundings.
Vashnia is almost dead.
You kill the naga sharpshooter!
Vehumet accepts your kill.
Mlioglotl resists.
Mlioglotl is lightly wounded.
Vashnia shoots an arrow.
The arrow hits you!!
You die...
Vashnia says, "Intruder eliminated."

............#..
....N).........
...............
..)............
...........<)..
.............
#..........
#.†@.....X.
##..........
###...###....)
#.............
#.##.........)
#.###.........
.. ##.###......
. ..
#........... ..
##.##........


You could see Vashnia (catching breath) and Mlioglotl (strong).

Vanquished Creatures
  Kirke (Lair:5)
  Aizul (Snake:1)
  A nagaraja (Snake:3)
  2 orc warlords (Orc:2)
  An ettin (D:15)
  A green death (Gauntlet)
  8 vault guards (D:14)
  3 hydras
  4 catoblepae
  3 boulder beetles
  2 death knights
  3 anacondas
  6 centaur warriors
  9 two-headed ogres
  7 naga warriors
  An orc high priest (Orc:2)
  5 death yaks
  Urug (Lair:2)
  4 shock serpents
  9 naga sharpshooters
  Amaemon (D:8)
  3 skeletal warriors (D:13)
  A fire crab (Gauntlet)
  A deep troll (D:15)
  A salamander mystic (Snake:2)
  5 mana vipers
  3 sea snakes
  3 lindwurms (Lair:5)
  A necromancer (D:15)
  A deep elf pyromancer (D:12)
  6 orc knights
  An oklob plant (Lair:4)
  6 orc sorcerers
  8 ugly things (D:15)
  6 cyclopes
  3 meliai (D:15)
  5 manticores
  A meliai (shapeshifter) (D:15)
  17 black mambas
  7 salamanders
  11 elephants
  2 kobold blastminers (Orc:2)
  8 naga magi
  3 guardian serpents
  Joseph (D:8)
  6 torpor snails
  An orange demon (D:8)
  13 cane toads
  An unseen horror (D:10)
  An efreet (D:15)
  5 komodo dragons
  3 rime drakes (Lair:5)
  A freezing wraith (D:15)
  3 tengu conjurers (D:15)
  4 polar bears
  7 trolls
  Grinder (D:5)
  9 saltlings (Orc:2)
  A hornet (D:8)
  7 blink frogs
  6 dream sheep (Lair:5)
  16 slime creatures
  2 shadows (D:9)
  5 wraiths
  A spriggan (Lair:2)
  Sigmund (D:4)
  A vampire (D:9)
  50 yaks
  5 wyverns
  5 fire bats (Gauntlet)
  3 hogs (Lair:5)
  A human (Lair:5)
  8 basilisks
  A warg (Orc:2)
  18 nagas
  An acid dragon (D:13)
  12 water moccasins
  A hell hound (Gauntlet)
  A sky beast (D:7)
  18 orc warriors
  2 black bears
  An ice beast (D:6)
  6 ogres
  32 wolves
  7 centaurs
  A wolf (shapeshifter) (D:14)
  2 phantoms
  2 kobold brigands
  9 bullfrogs
  A gnoll sergeant (D:7)
  3 scorpions
  4 wights (D:6)
  10 killer bees
  2 howler monkeys
  3 electric eels (Snake:1)
  4 crimson imps (D:9)
  4 lava snakes (Lair:3)
  Crazy Yiuf (D:6)
  2 hounds (D:6)
  9 orc priests
  A bombardier beetle (D:4)
  2 jellies
  3 gnoll boudas
  Natasha (thrice) (D:4)
  A spriggan simulacrum (D:11)
  4 hell rats (Lair:5)
  19 orc wizards
  2 troll simulacra (D:11)
  19 gnolls
  A naga simulacrum (D:11)
  8 adders
  5 river rats (Lair:5)
  8 white imps
  2 ufetubi (D:7)
  A dart slug (D:1)
  4 ribbon worms (D:2)
  61 orcs
  7 ball pythons
  6 endoplasms
  5 giant cockroaches
  6 goblins
  5 hobgoblins
  4 jackals (D:4)
  4 quokkas
  7 bats
  2 frilled lizards
  15 kobolds
  10 rats
716 creatures vanquished.

Vanquished Creatures (collateral kills)
  A minotaur (Gauntlet)
  An orc knight (Orc:2)
  2 cyclopes (D:14)
  A shadow (D:13)
  A wraith (D:13)
  An orc wizard (Orc:2)
  33 boulders
40 creatures vanquished.

Vanquished Creatures (others)
  A blink frog (Lair:5)
  2 humans (Lair:5)
  A wolf (Lair:5)
  28 boulders
32 creatures vanquished.

Grand Total: 788 creatures vanquished

Notes
Turn   | Place    | Note
-------+----------+-------------------------------------------
     0 | D:1      | grandjackal the Deep Elf Earth Elementalist began the quest
                  | for the Orb.
     0 | D:1      | Reached XP level 1. HP: 10/10 MP: 6/6
   152 | D:1      | Reached XP level 2. HP: 15/15 MP: 6/8
   691 | D:2      | Reached XP level 3. HP: 19/19 MP: 7/10
  1192 | D:2      | Reached skill level 4 in Spellcasting
  1439 | D:2      | Learned a level 3 spell: Passwall
  1443 | D:2      | Learned a level 3 spell: Stone Arrow
  1575 | D:3      | Found a blossoming altar of Fedhas.
  1655 | D:3      | Reached XP level 4. HP: 13/24 MP: 12/12
  1841 | D:3      | Found a basalt altar of Yredelemnul.
  1935 | D:3      | Found Josuet's Assorted Antiques.
  1938 | D:3      | Bought a scroll labelled NYGRIA BAHAESM for 19 gold pieces
  1938 | D:3      | Bought a scroll labelled UDIPLYASUAPN for 19 gold pieces
  1938 | D:3      | Bought a scroll labelled WESYIC JORAFOCH for 19 gold pieces
  1938 | D:3      | Bought a scroll labelled FYBOXZ JOCA for 19 gold pieces
  2223 | D:4      | Noticed a scorpion
  2232 | D:4      | Killed a scorpion
  2233 | D:4      | Reached XP level 5. HP: 14/28 MP: 8/14
  2289 | D:4      | Reached skill level 5 in Spellcasting
  2393 | D:4      | Noticed Natasha
  2468 | D:4      | Killed Natasha
  2469 | D:4      | Reached skill level 5 in Earth Magic
  2534 | D:4      | Reached XP level 6. HP: 32/32 MP: 12/16
  2562 | D:4      | Learned a level 4 spell: Brom's Barrelling Boulder
  2731 | D:4      | Noticed Sigmund
  2738 | D:4      | Killed Sigmund
  2739 | D:4      | Reached skill level 6 in Spellcasting
  2739 | D:4      | Reached XP level 7. HP: 18/36 MP: 10/18
  2902 | D:4      | Noticed Natasha
  2908 | D:4      | Killed Natasha
  3187 | D:4      | Noticed Natasha
  3199 | D:4      | Killed Natasha
  3610 | D:5      | Entered Level 5 of the Dungeon
  3676 | D:5      | Found Pafel's CLEARANCE SALE!.
  3715 | D:5      | Bought a scroll of teleportation for 15 gold pieces
  3770 | D:5      | Reached skill level 5 in Conjurations
  3954 | D:5      | Noticed Grinder
  3969 | D:5      | Killed Grinder
  3970 | D:5      | Reached skill level 7 in Spellcasting
  4192 | D:5      | Learned a level 4 spell: Petrify
  4206 | D:6      | Reached XP level 8. HP: 31/41 MP: 18/21
  4308 | D:6      | Reached skill level 1 in Alchemy
  4399 | D:6      | Found a staircase to the Ecumenical Temple.
  4407 | D:6      | Reached skill level 8 in Spellcasting
  4520 | Temple   | Entered the Ecumenical Temple
  4595 | Temple   | Became a worshipper of Vehumet
  4936 | D:6      | Found a runed translucent door.
  4937 | D:6      | Noticed Crazy Yiuf
  5264 | D:6      | Found an iron altar of Okawaru.
  5293 | D:6      | Found a burning altar of Makhleb.
  5501 | D:6      | Killed Crazy Yiuf
  5595 | D:7      | Identified the +6 dagger "Imp's Regret" {venom, ^Contam
                  | rPois rF- Int+7}
  5653 | D:7      | Reached skill level 9 in Spellcasting
  5702 | D:7      | Reached XP level 9. HP: 19/45 MP: 12/24
  6116 | D:7      | Found a transporter.
  6122 | D:7      | Found a transporter.
  6122 | D:7      | Noticed croobank's ghost (novice FeDe)
  6157 | D:7      | Reached * piety under Vehumet
  6157 | D:7      | Offered knowledge of Sting by Vehumet.
  6624 | D:7      | Found a glowing silver altar of Zin.
  6743 | D:8      | Noticed Joseph
  6893 | D:8      | Killed Joseph
  6894 | D:8      | Reached skill level 5 in Alchemy
  7053 | D:8      | Reached skill level 10 in Spellcasting
  7423 | D:8      | Noticed an orange demon
  7428 | D:8      | Noticed Amaemon
  7429 | D:8      | Killed an orange demon
  8030 | D:9      | Noticed a death yak
  8032 | D:9      | Noticed a death yak
  8165 | D:9      | Noticed a two-headed ogre
  8175 | D:9      | Reached XP level 10. HP: 39/50 MP: 18/26
  8176 | D:9      | Reached ** piety under Vehumet
  8176 | D:9      | Offered knowledge of Static Discharge by Vehumet.
  8184 | D:9      | Killed a two-headed ogre
  8411 | D:9      | Learned a level 6 spell: Sculpt Simulacrum
  8438 | D:9      | Noticed a death yak
  8505 | D:9      | Reached skill level 11 in Spellcasting
  8589 | D:9      | Found Qaihusiy's Antique Weapon Shoppe.
  8969 | D:9      | Found a staircase to the Lair.
  9109 | D:9      | Killed a death yak
  9372 | D:8      | Killed Amaemon
  9373 | D:8      | Reached skill level 10 in Earth Magic
  9569 | D:8      | Killed a death yak
  9570 | D:8      | Reached skill level 1 in Fighting
  9900 | D:9      | Killed a death yak
  9901 | D:9      | Reached skill level 12 in Spellcasting
  9901 | D:9      | Reached XP level 11. HP: 56/56 MP: 16/29
  9911 | D:9      | Offered knowledge of Mephitic Cloud by Vehumet.
 10065 | D:10     | Entered Level 10 of the Dungeon
 10233 | D:10     | Found a shimmering altar of Xom.
 10234 | D:10     | Found an ancient bone altar of Kikubaaqudgha.
 10245 | D:10     | Reached skill level 10 in Conjurations
 10366 | D:10     | Noticed a two-headed ogre
 10369 | D:10     | Killed a two-headed ogre
 10370 | D:10     | Reached skill level 1 in Ice Magic
 10589 | D:10     | Noticed a two-headed ogre
 10593 | D:10     | Killed a two-headed ogre
 11215 | D:10     | Reached *** piety under Vehumet
 11692 | D:11     | Found a gate leading to a gauntlet.
 11695 | D:11     | Found a runed translucent door.
 11721 | Gauntlet | Entered a Gauntlet
 11721 | Gauntlet | Noticed a sixfirhy
 11721 | Gauntlet | Noticed a sixfirhy
 11721 | Gauntlet | Found a transporter.
 11724 | Gauntlet | Found a transporter.
 11725 | Gauntlet | Noticed a sixfirhy
 11725 | Gauntlet | Found the ring of the Hare {EV+10}
 11727 | Gauntlet | Found a transporter.
 11729 | Gauntlet | Found a transporter.
 11730 | Gauntlet | Found a transporter.
 11731 | Gauntlet | Found a transporter.
 11734 | Gauntlet | Noticed a dire elephant
 11738 | Gauntlet | Found a transporter.
 11738 | Gauntlet | Noticed a green death
 11739 | Gauntlet | Found a transporter.
 11742 | Gauntlet | Noticed a fire crab
 11764 | Gauntlet | Noticed a lightning spire
 11771 | Gauntlet | Found a transporter.
 11785 | Gauntlet | Found a transporter.
 11789 | Gauntlet | Found a transporter.
 11794 | Gauntlet | Noticed a reaper
 11797 | Gauntlet | Found a transporter.
 11838 | Gauntlet | Killed a green death
 11839 | Gauntlet | Reached skill level 13 in Spellcasting
 11840 | Gauntlet | HP: 3/60 [poison (poison gas)]
 12025 | Gauntlet | Identified the ring "Egorom" {+Blink rPois EV+5 Dex+3}
 12053 | Gauntlet | Killed a fire crab
 12056 | Gauntlet | Identified the +1 dagger "Etuvohol" {pain, Str+3}
 12157 | Gauntlet | Found the +10 Black Knight's barding {ponderous, rPois rN+}
 12157 | Gauntlet | Identified the staff of the Extremes {rElec Stlth+ Air}
 12157 | Gauntlet | Noticed a minotaur
 12166 | Gauntlet | Killed a minotaur
 12166 | Gauntlet | Offered knowledge of Sticky Flame by Vehumet.
 12183 | Gauntlet | Identified a scroll of acquirement
 12203 | D:11     | Acquired 1255 gold pieces
 12209 | D:11     | Noticed Dazliare's ghost (journeyman NaCK)
 12209 | D:11     | Identified the +4 spear of Carved Reinforcement {freeze,
                  | rN+}
 12210 | D:11     | Noticed a spriggan rider
 12733 | D:11     | Noticed a two-headed ogre
 12745 | D:11     | Killed a two-headed ogre
 12746 | D:11     | Reached XP level 12. HP: 66/66 MP: 17/31
 13030 | D:12     | Noticed a two-headed ogre
 13037 | D:12     | Killed a two-headed ogre
 13038 | D:12     | Reached skill level 5 in Ice Magic
 13113 | D:12     | Found a staircase to the Orcish Mines.
 13266 | D:12     | Identified the +2 pair of boots "Damnable Contraption"
                  | {^Drain rF+++ rC- Dex+2}
 13702 | D:12     | Noticed a two-headed ogre
 13725 | D:12     | Killed a two-headed ogre
 13726 | D:12     | Reached skill level 10 in Alchemy
 14141 | Orc:1    | Entered Level 1 of the Orcish Mines
 14303 | Lair:1   | Entered Level 1 of the Lair of Beasts
 14310 | Lair:1   | Reached skill level 14 in Spellcasting
 14310 | Lair:1   | Reached skill level 1 in Necromancy
 14466 | Lair:1   | Reached skill level 5 in Fighting
 14585 | Lair:1   | Reached **** piety under Vehumet
 15420 | Lair:2   | Learned a level 6 spell: Eringya's Noxious Bog
 15426 | Lair:2   | Learned a level 5 spell: Borgnjor's Vile Clutch
 15434 | Lair:2   | Learned a level 7 spell: Ozocubu's Refrigeration
 15589 | Lair:2   | Noticed a death yak
 15589 | Lair:2   | Noticed a death yak
 15599 | Lair:2   | Killed a death yak
 15848 | Lair:2   | Killed a death yak
 15992 | Lair:2   | Noticed a seven-headed hydra
 15998 | Lair:2   | Killed a seven-headed hydra
 16072 | Lair:2   | Noticed Urug
 16094 | Lair:2   | Killed Urug
 16193 | Lair:2   | Identified the +3 leather armour of the Camelopard {Will-
                  | rCorr Str+3}
 16384 | Lair:2   | Offered knowledge of Inner Flame by Vehumet.
 16462 | Lair:2   | Reached skill level 5 in Necromancy
 16522 | Lair:2   | Noticed a catoblepas
 16532 | Lair:2   | Killed a catoblepas
 16533 | Lair:2   | Reached skill level 15 in Spellcasting
 16764 | Lair:2   | Reached XP level 13. HP: 74/74 MP: 26/34
 17702 | Lair:3   | Found a staircase to the Shoals.
 17818 | Lair:3   | Found a staircase to the Snake Pit.
 17822 | Lair:3   | Reached ***** piety under Vehumet
 17823 | Lair:3   | Offered knowledge of Irradiate by Vehumet.
 17923 | Lair:3   | Learned a level 5 spell: Irradiate
 18635 | Lair:4   | Found a staircase to the Slime Pits.
 18635 | Lair:4   | Found a viscous altar of Jiyva.
 18863 | Lair:4   | HP: 2/76 [bullfrog (6)]
 19119 | Lair:4   | Reached skill level 16 in Spellcasting
 19710 | Lair:5   | Entered Level 5 of the Lair of Beasts
 19720 | Lair:5   | Noticed Kirke
 19729 | Lair:5   | Killed Kirke
 20288 | Lair:5   | Reached XP level 14. HP: 65/83 MP: 26/36
 20412 | Lair:5   | Reached skill level 10 in Ice Magic
 20414 | Lair:5   | Offered knowledge of Fireball by Vehumet.
 21736 | Lair:5   | Reached skill level 17 in Spellcasting
 23206 | Orc:2    | Entered Level 2 of the Orcish Mines
 23206 | Orc:2    | Found a staircase to the Elven Halls.
 23749 | Orc:2    | Reached skill level 10 in Necromancy
 24249 | Orc:2    | Offered knowledge of Bombard by Vehumet.
 24693 | Orc:2    | Noticed an orc warlord
 24950 | Orc:2    | Found Urawk's Distillery.
 24952 | Orc:2    | Bought 2 potions of enlightenment for 130 gold pieces
 24952 | Orc:2    | Bought a potion of ambrosia for 104 gold pieces
 24952 | Orc:2    | Bought a potion of curing for 39 gold pieces
 24952 | Orc:2    | Bought a potion of haste for 130 gold pieces
 24973 | Orc:2    | Noticed an orc warlord
 25131 | Orc:2    | Killed an orc warlord
 25485 | Orc:2    | Found Tilab's General Store.
 25487 | Orc:2    | Found Foacsaen's Magic Scroll Shop.
 25492 | Orc:2    | Bought a scroll of teleportation for 51 gold pieces
 25492 | Orc:2    | Bought a potion of brilliance for 68 gold pieces
 25496 | Orc:2    | Bought 3 scrolls of fog for 132 gold pieces
 25496 | Orc:2    | Bought a scroll of teleportation for 33 gold pieces
 25496 | Orc:2    | Bought a scroll of teleportation for 33 gold pieces
 25496 | Orc:2    | Bought a scroll of blinking for 82 gold pieces
 25550 | Orc:2    | Found Seanatut's Book Boutique.
 25763 | Orc:2    | Killed an orc warlord
 26092 | D:13     | Reached XP level 15. HP: 90/90 MP: 7/38
 26602 | D:13     | Reached skill level 18 in Spellcasting
 28162 | D:14     | Found a gate to the Vaults.
 28518 | D:14     | Offered knowledge of Spellforged Servitor by Vehumet.
 28702 | D:14     | Found a runed translucent gate.
 28704 | D:14     | Found a runed translucent gate.
 28705 | D:14     | Found a runed translucent gate.
 28779 | D:14     | You fall into a shaft and drop 1 floor!
 28779 | D:15     | Entered Level 15 of the Dungeon
 29291 | D:15     | Found Soegaf's Magic Scroll Boutique.
 29296 | D:15     | Bought a scroll of fear for 76 gold pieces
 29296 | D:15     | Bought a scroll of poison for 76 gold pieces
 29296 | D:15     | Bought a scroll of poison for 76 gold pieces
 29296 | D:15     | Bought a scroll of teleportation for 57 gold pieces
 29296 | D:15     | Bought 2 scrolls of fog for 152 gold pieces
 29304 | D:15     | Bought 2 scrolls of identify for 76 gold pieces
 29578 | D:15     | Found a runed translucent gate.
 29578 | D:15     | Found a runed translucent gate.
 29579 | D:15     | Found a runed translucent gate.
 29581 | D:15     | Noticed Hehag's ghost (journeyman MiBe)
 29614 | D:15     | Reached skill level 10 in Fighting
 30173 | D:15     | Found a staircase to the Depths.
 30852 | D:15     | Reached skill level 19 in Spellcasting
 31007 | D:15     | Found a faded altar of an unknown god.
 31009 | D:15     | Found a faded altar of an unknown god.
 31009 | D:15     | Found a hazy altar of Hepliaklqana.
 31325 | Snake:1  | Entered Level 1 of the Snake Pit
 31841 | Snake:1  | Reached skill level 1 in Shields
 31884 | Snake:1  | Identified the serpent talisman of Heush {Str-5 Dex+6}
 31884 | Snake:1  | Noticed Aizul
 31890 | Snake:1  | Killed Aizul
 32359 | Snake:1  | Reached XP level 16. HP: 72/98 MP: 34/41
 33284 | Snake:2  | Identified the +0 cloak of Losiah {rElec rF++ rC- Int+3
                  | Dex-2}
 33491 | Snake:2  | Offered knowledge of Arcjolt by Vehumet.
 35148 | Snake:3  | Noticed Vashnia
 35151 | Snake:3  | Reached skill level 5 in Dodging
 35154 | Snake:3  | Noticed Mlioglotl
 35156 | Snake:3  | Shot with an arrow by Vashnia

Illustrated notes

Levels and vault maps discovered:
D:1:      lemuel_arrival_room, layout_rooms
D:2:      wad_lake_hut, layout_basic
D:3:      layout_loops_ring, mainiacjoe_overflow_concentric_impassable,
          yredelemnul_altar_generic, serial_shops,
          nicolae_shop_tiny_real_fake_doors
D:4:      layout_cave_pods, nicolae_letterblocks [nicolae_letter_subblock,
          nicolae_letter_subblock, nicolae_letter_subblock,
          nicolae_letter_subblock, nicolae_letter_subblock,
          nicolae_letter_subblock, nicolae_letter_subblock,
          nicolae_letter_subblock, nicolae_letter_subblock,
          nicolae_letter_subblock, nicolae_letter_subblock,
          nicolae_letter_subblock, nicolae_letter_subblock,
          nicolae_letter_subblock, nicolae_letter_subblock,
          nicolae_letter_subblock, nicolae_letter_subblock,
          nicolae_letter_subblock, nicolae_letter_subblock,
          nicolae_letter_subblock, nicolae_letter_subblock,
          nicolae_letter_subblock, nicolae_letter_subblock,
          nicolae_letter_subblock, nicolae_letter_subblock], uniq_natasha,
          uniq_sigmund
D:5:      layout_rooms, nicolae_shop_clearance, uniq_grinder
D:6:      layout_loops_ring, mainiacjoe_overflow_cross_hatched,
          mainiacjoe_overflow_alcove_4, minmay_temple_entry_grid,
          grunt_ministairs_3, uniq_crazy_yiuf_cottage
D:7:      layout_cave_pods, zin_treasury, gammafunk_ghost_arena,
          grunt_ministairs_2
D:8:      layout_cave_pods, enter_bailey_2, nicolae_figureground_pulse,
          uniq_joseph, uniq_amaemon
D:9:      layout_cave_pools, dpeg_lair_monsters, serial_shops,
          nicolae_shop_hallway_plus, st_stairs_7, minmay_fire_ice_demons
D:10:     layout_stronghold, old_standard_altar, mainiacjoe_overflow_alcove_1
D:11:     layout_stronghold, ebering_ghost_funeral_grove,
          gauntlet_entry_generic, portal_ice_cave_entry_ice_simulacra
D:12:     layout_stronghold, orc_0_dummy
D:13:     layout_loops_ring, nicolae_concentric_dashed_squares_wild
D:14:     layout_stronghold, erik_vaults_2,
          ploomutoo_gammafunk_ghost_potion_laboratory, solitary_fountain
D:15:     hangedman_depths_entry_civil_slaughter, layout_basic,
          gammafunk_ghost_spectres, serial_shops, shop_scrolls, minivault_23,
          serial_bayou_pond_e, nicolae_hepliaklqana_ecumenical_no_more
Temple:   nicolae_temple_no_exploring_needed
Lair:1:   layout_gridlike, serial_rivers, chequers_serial_rivers_micro_e,
          chequers_serial_rivers_micro_c, chequers_serial_rivers_small_3,
          chequers_serial_rivers_large_a, chequers_serial_rivers_room_b,
          chequers_serial_rivers_micro_a, lemuel_old_faithful
Lair:2:   layout_roguey, st_stairs_11, grunt_forest_large_clearings, uniq_urug
Lair:3:   layout_cave_pods, elwin_shoals_entry_rocks,
          nicolae_snake_entry_warm_welcome, st_stairs_11, grunt_megastairs_1
Lair:4:   layout_roguey, minmay_slime_entry_pillars, dpeg_oklob_1
Lair:5:   hangedman_lair_in_review, layout_layer_cave,
          kennysheep_abandoned_house, uniq_kirke
Snake:1:  layout_basic, drop_trap, uniq_aizul
Snake:2:  layout_basic, serial_library_hellmonk_room_a
Snake:3:  layout_cave_shapes, gammafunk_ghost_cemetery, uniq_vashnia,
          uniq_mlioglotl
Orc:1:    layout_diamond_mine, basic_altar
Orc:2:    hellmonk_orc_salted, layout_diamond_mine

Skill      XL: |  1  2  3  4  5  6  7  8  9 10 11 12 13 14 15 16 |
---------------+-------------------------------------------------+-----
Conjurations   | 2 3 4 5 7 8 9 10 | 10.0
Earth Magic    | 4 5 6 7 9 10 | 10.1
Spellcasting   | 4 5 6 7 9 10 12 13 15 16 17 19 | 19.9
Alchemy        | 3 5 7 9 10 12 | 12.0
Fighting       | 1 4 6 7 9 10 | 10.7
Ice Magic      | 4 7 9 11 13 14 | 14.0
Necromancy     | 5 8 10 | 10.0
Dodging        | 3 5 |  5.1
Shields        | 2 4 |  4.0
Stealth        | |  2.4

Action                     |  1- 3 |  4- 6 |  7- 9 | 10-12 | 13-15 | 16-18 || total
---------------------------+-------+-------+-------+-------+-------+-------++-------
  Melee: Dagger            |    29 |    15 |    19 |       |       |       ||    63
         Unarmed           |       |     6 |       |       |       |       ||     6
         Staff             |       |       |     1 |     2 |    26 |       ||    29
         Punch             |       |       |       |       |     2 |       ||     2
   Cast: Sandblast         |    45 |    42 |   129 |    61 |    13 |       ||   290
         Stone Arrow       |       |     1 |    28 |   221 |   337 |    36 ||   623
         Brom's Barrelling |       |       |    14 |    33 |    35 |       ||    82
         Petrify           |       |       |     1 |     4 |     2 |       ||     7
         Borgnjor's Vile C |       |       |       |    13 |    62 |       ||    75
         Eringya's Noxious |       |       |       |     2 |    44 |       ||    46
         Ozocubu's Refrige |       |       |       |       |    93 |    57 ||   150
         Sculpt Simulacrum |       |       |       |       |     7 |       ||     7
         Irradiate         |       |       |       |       |    10 |       ||    10
  Evoke: Wand              |       |       |       |     5 |     4 |       ||     9
         Tin of tremorston |       |       |       |       |     1 |       ||     1
    Use: Scroll            |       |     9 |     3 |     7 |    12 |       ||    31
         Potion            |       |       |     2 |     4 |     3 |     1 ||    10
   Stab: Sleeping          |     6 |     3 |     2 |       |       |       ||    11
 Armour: Robe              |    20 |    30 |    77 |   104 |   137 |    31 ||   399
         Skin              |       |     1 |       |       |    41 |       ||    42
  Dodge: Dodged            |    21 |    27 |    71 |    85 |   189 |    40 ||   433
  Block: Buckler           |       |       |       |       |       |     6 ||     6

Table legend: (Time is in decaauts)
 A = Elapsed time spent in this place.
 B = Non-inter-level travel time spent in this place.
 C = Inter-level travel time spent in this place.
 D = Time resting spent in this place.
 E = Time spent auto-exploring this place.
 F = Levels seen in this place.
 G = Mean time per level.
                   A        B        C        D        E       F      G
               +--------+--------+--------+--------+--------+-----+--------+
         Total |  35463 |  33802 |   1661 |  12973 |  15165 |  27 | 1313.4 |
       Dungeon |  19430 |  18452 |    978 |   6240 |   9118 |  15 | 1295.3 |
        Temple |     80 |     80 |      0 |     64 |      0 |   1 |   80.0 |
          Lair |   8545 |   8135 |    410 |   3353 |   3593 |   5 | 1709.0 |
     Snake Pit |   3609 |   3536 |     73 |   1763 |   1320 |   3 | 1203.0 |
  Orcish Mines |   3330 |   3132 |    198 |   1299 |   1133 |   2 | 1665.0 |
      Gauntlet |    467 |    467 |      0 |    253 |      0 |   1 |  467.0 |
               +--------+--------+--------+--------+--------+-----+--------+

Top non-repeatable levels by time:
  Lair:5: 2696 daAuts
   Orc:2: 2120 daAuts
    D:13: 1985 daAuts
    D:15: 1913 daAuts
  Lair:2: 1818 daAuts
     D:8: 1725 daAuts
     D:9: 1614 daAuts
 Snake:1: 1564 daAuts
    D:10: 1528 daAuts
    D:12: 1490 daAuts
  Lair:3: 1422 daAuts
 Snake:2: 1421 daAuts
     D:4: 1398 daAuts
     D:6: 1337 daAuts
     D:7: 1335 daAuts
